 Dungeon Crawl Stone Soup version 0.31.0-12-g77e489cdc1 (webtiles) character file.

Game seed: 10168455614714563773

63 Silvore the Trooper (level 3, -1/29 HPs)
             Began as a Demonspawn Fighter on Feb 12, 2024.
             Slain by a gnoll
             ... wielding a +0 spear
              (5 damage)
             ... on level 2 of the Dungeon.
             The game lasted 00:01:25 (1112 turns).

Silvore the Trooper (Demonspawn Fighter)            Turns: 1112, Time: 00:01:26

Health: -1/29      AC:  7    Str: 18    XL:     3   Next: 89%
Magic:  3/3        EV: 11    Int:  8    God:
Gold:   19         SH:  4    Dex: 12    Spells: 2/2 levels left

rFire   . . .        a - +1 long sword
rCold   . . .        c - +0 buckler
rNeg    . . .        b - +0 scale mail
rPois   .            i - +0 helmet
rElec   .            (no cloak)
rCorr   .            (no gloves)
SInv    .            (no boots)
Will    .....        (no amulet) Stlth
                     (no ring)
HPRegen 0.24/turn    (no ring)
MPRegen 0.08/turn

%: no passive effects
@: mighty
A: repulsion field 1, powered by pain 1
a: no special abilities


You were on level 2 of the Dungeon.
You visited 1 branch of the dungeon, and saw 2 of its levels.

You collected 19 gold pieces.

Inventory:

Hand Weapons
 a - a +1 long sword (weapon)
Armour
 b - a +0 scale mail (worn)
 c - a +0 buckler (worn)
 i - a +0 helmet (worn)
Potions
 e - a potion of resistance {unknown}


   Skills:
 + Level 3.3 Fighting
 + Level 2.5 Long Blades
 + Level 3.1 Armour
 + Level 0.1 Stealth
 + Level 3.2 Shields


You had 2 spell levels left.
You didn't know any spells.
Your spell library was empty.

Dungeon Overview and Level Annotations

Branches:
Dungeon (2/15)

Altars:


Innate Abilities, Weirdness & Mutations

You are surrounded by a mild repulsion field. (EV +2)
You sometimes gain a little power by taking damage.


Message History

You kill the gnoll!
The gnoll barely misses you. You block the gnoll's attack.
You block the frilled lizard's attack. You block the gnoll's attack.
The gnoll hits you but does no damage.
Things that are here:
a +0 club; a glowing emerald potion Unknown command.
Unknown command.
Unknown command.
You slice the frilled lizard!!
You kill the frilled lizard!
The frilled lizard bites you but does no damage.
The gnoll barely misses you. The gnoll hits you but does no damage.
The frilled lizard bites you. The gnoll completely misses you.
The gnoll hits you but does no damage. You block the gnoll's attack.
The frilled lizard closely misses you. The gnoll barely misses you.
There is a stone staircase leading up, spattered with blood here.
You barely miss the frilled lizard. The frilled lizard barely misses you.
The gnoll hits you from afar with a +0 spear.
The gnoll hits you but does no damage.
You closely miss the frilled lizard.
The frilled lizard bites you but does no damage.
The gnoll barely misses you. The gnoll misses you.
You hit the frilled lizard.
You kill the frilled lizard!
The gnoll closely misses you. x2; You block the gnoll's attack. x2
You block the gnoll's attack. The gnoll hits you with a +0 spear.
You see here a frilled lizard corpse.
You slash the gnoll!
The gnoll is almost dead.
The gnoll hits you but does no damage. x2
You closely miss the gnoll.
The gnoll is almost dead.
The gnoll misses you. The gnoll hits you with a +0 spear.
* * * LOW HITPOINT WARNING * * *
You slash the gnoll!
You kill the gnoll!
The gnoll hits you with a +0 spear.
You die...

..### #....[####
#.)[)#
####)#########.
#####..)#.......
#......<@)#
...#####.)g......
. #########.


You could see a gnoll.

Vanquished Creatures
  Robin (D:2)
  3 gnolls
  5 ball pythons (D:1)
  A bat (D:1)
  2 endoplasms (D:1)
  12 goblins
  A hobgoblin (D:1)
  3 frilled lizards
  5 kobolds (D:1)
  A rat (D:1)
34 creatures vanquished.

Notes
Turn   | Place    | Note
-------+----------+-------------------------------------------
     0 | D:1      | Silvore the Demonspawn Fighter began the quest for the Orb.
     0 | D:1      | Reached XP level 1. HP: 18/18 MP: 1/1
   270 | D:1      | Gained mutation: You are surrounded by a mild repulsion
                  | field. (EV +2) [demonic ancestry]
   270 | D:1      | Reached XP level 2. HP: 24/24 MP: 2/2
   854 | D:2      | Noticed Robin
   945 | D:2      | Gained mutation: You sometimes gain a little power by
                  | taking damage. [demonic ancestry]
   945 | D:2      | Reached XP level 3. HP: 26/29 MP: 3/3
   959 | D:2      | Killed Robin
  1112 | D:2      | Slain by a gnoll

Illustrated notes

Levels and vault maps discovered:
D:1:      pf_arrival_petrified_forest, layout_basic,
          chequers_serial_rivers_small_3, minivault_24
D:2:      layout_rooms, kennysheep_crisscross, uniq_jessica, uniq_robin

Skill      XL: |  1  2 |
---------------+-------+-----
Armour         | 3 |  3.1
Long Blades    | 2 |  2.5
Shields        | 3 |  3.2
Fighting       | |  3.3
Stealth        | |  0.1

Action                     || total
---------------------------++-------
  Melee: Long sword        ||    90
    Use: Scroll            ||     3
         Potion            ||     1
 Armour: Scale mail        ||    77
  Dodge: Dodged            ||    78
  Block: Buckler           ||    35
